 Dungeon Crawl Stone Soup version 0.28-a0-1504-g839a4452db (webtiles) character file.

Game seed: 3183315113604750255

395 AarnesTheHuman the Shield-Bearer (level 7, -2/56 HPs)
             Began as a Formicid Fighter on Jan 13, 2022.
             Frozen to death by an endoplasm (4 damage)
             ... on level 3 of the Dungeon.
             The game lasted 00:04:21 (2696 turns).

AarnesTheHuman the Shield-Bearer (Formicid Fighter) Turns: 2696, Time: 00:04:23

Health: -2/56      AC: 12    Str: 23    XL:     7   Next: 9%
Magic:  7/7        EV:  6    Int:  7    God:
Gold:   58         SH:  5    Dex: 10    Spells: 6/6 levels left

rFire   . . .      SeeInvis +   a - +2 rapier (speed)
rCold   . . .      Faith    .   c - +0 buckler
rNeg    . . .      Spirit   .   u - +0 plate armour
rPois   .          Reflect  .   (helmet unavailable)
rElec   .          Harm     .   (no cloak)
rCorr   .          Rampage  .   (no gloves)
Will    .....                   (no boots)
Stlth   ..........              (no amulet)
HPRegen 0.18/turn               (no ring)
MPRegen 0.10/turn               (no ring)

@: no status effects
A: permanent stasis, dig shafts and tunnels, antennae 3, four strong arms
a: Dig, Shaft Self


You were on level 3 of the Dungeon.
You visited 1 branch of the dungeon, and saw 4 of its levels.

You collected 58 gold pieces.

Inventory:

Hand Weapons
 a - a +2 rapier of speed (weapon)
 b - a +2 dagger of venom
 q - a +0 dagger
 s - a +0 quarterstaff
Missiles
 j - 3 poisoned darts
 k - 57 stones
Armour
 c - a +0 buckler (worn)
 f - a +0 scale mail
 u - a +0 plate armour (worn)
Jewellery
 t - a +6 ring of intelligence
Scrolls
 e - 2 scrolls of amnesia {unknown}
 g - a scroll of summoning {unknown}
 h - 3 scrolls of identify {unknown}
 m - a scroll of vulnerability {unknown}
 o - a scroll of teleportation {unknown}
 r - a scroll of immolation {unknown}
Potions
 d - a potion of magic {unknown}
 i - 3 potions of curing {unknown}
 l - a potion of haste {unknown}
 n - a potion of lignification {unknown}
 p - a potion of brilliance


   Skills:
 + Level 5.2 Fighting
 - Level 2.6 Staves
 + Level 5.2 Armour
 + Level 5.7 Shields


You had 6 spell levels left.
You didn't know any spells.
Your spell library was empty.

Dungeon Overview and Level Annotations

Branches:
Dungeon (4/15)
 Temple: D:4-7

Altars:

Annotations:
D:3 2 runed translucent doors, exclusion: 2 doors, Lymetel's ghost, amateur TrMo


Innate Abilities, Weirdness & Mutations

You cannot be hasted, slowed, berserked, paralysed or teleported.
You can dig through walls and to a lower floor.
You have a pair of large antennae on your head. (SInv)
Your four strong arms can wield two-handed weapons with a shield.


Message History

The phantom hits you.
You barely miss the phantom.
The phantom is heavily damaged.
The phantom hits you.
You hit the phantom.
The phantom is severely damaged.
The phantom hits you.
You closely miss the phantom.
The phantom is severely damaged.
The phantom hits you!
* * * LOW HITPOINT WARNING * * *
The phantom hits you.
* * * LOW HITPOINT WARNING * * *
Your +2 dagger of venom stops dripping with poison.
Your hands tingle!
a - a +2 rapier of speed (weapon)
You hit the phantom.
The phantom is almost destroyed.
The phantom hits you!
* * * LOW HITPOINT WARNING * * *
You barely miss the phantom.
The phantom is almost destroyed.
The phantom hits you.
* * * LOW HITPOINT WARNING * * *
You closely miss the phantom.
The phantom is almost destroyed.
The phantom hits you but does no damage.
You hit the phantom.
The phantom is almost destroyed.
You hit the phantom but do no damage.
The phantom is almost destroyed.
The phantom hits you.
* * * LOW HITPOINT WARNING * * *
You hit the phantom.
You destroy the phantom!
You have reached level 7!
You hit the endoplasm but do no damage. The endoplasm freezes you.
You are frozen.
You die...

##.#.#.......+.##...#.#.#....###.
...#.#.......#.##....###.##..###.
...#.#.......#.#....#.#.#.#...##.
..##.#.......#.#...####.##.##.##.
....'#.......#.#..#.# #.###.#..#.
........######.#†#### #.# ##.###.
++####..### #.##.# #.# ##)##.
...W##....# #.########.########.
#.8..#....# #..@J>.......†......
.≈.#≈#....# #.###.#############.
§(..##....# #.# #.# #.
#.####....####.# #.# #.
######.........# #.# ##
#.#.######### #.# #.#.# #.# #.#<#
#.# #.#.# #.#


You could see an endoplasm.

Vanquished Creatures
  Sigmund (D:3)
  A phantom (D:3)
  An orc wizard (D:3)
  A gnoll (D:2)
  5 adders
  A white imp (D:3)
  2 dart slugs
  A worm (D:3)
  4 orcs (D:3)
  3 ball pythons
  4 bats (D:3)
  10 endoplasms
  6 goblins
  3 hobgoblins
  2 jackals (D:3)
  5 kobolds
  3 quokkas
  3 frilled lizards (D:3)
  12 rats
68 creatures vanquished.

Notes
Turn   | Place    | Note
-------+----------+-------------------------------------------
     0 | D:1      | AarnesTheHuman the Formicid Fighter began the quest for the
                  | Orb.
     0 | D:1      | Reached XP level 1. HP: 18/18 MP: 1/1
   244 | D:1      | Reached XP level 2. HP: 24/24 MP: 2/2
   595 | D:1      | Reached XP level 3. HP: 28/29 MP: 3/3
  1031 | D:2      | Found a faded altar of an unknown god.
  1347 | D:2      | Reached XP level 4. HP: 34/37 MP: 4/4
  2007 | D:3      | Reached XP level 5. HP: 38/42 MP: 5/5
  2106 | D:3      | Noticed Sigmund
  2132 | D:3      | Killed Sigmund
  2133 | D:3      | Reached skill level 5 in Shields
  2133 | D:3      | Reached XP level 6. HP: 47/50 MP: 6/6
  2385 | D:3      | Found a large runed translucent door.
  2385 | D:3      | Found a large runed translucent door.
  2390 | D:3      | Reached skill level 5 in Armour
  2404 | D:3      | Noticed Lymetel's ghost (amateur TrMo)
  2433 | D:3      | Reached skill level 5 in Fighting
  2694 | D:3      | HP: 1/51 [phantom (2)]
  2696 | D:3      | Reached XP level 7. HP: 2/56 MP: 7/7
  2696 | D:3      | Frozen to death by an endoplasm

Illustrated notes

Levels and vault maps discovered:
D:1:      onia_arrival_handbag, layout_loops_cross, minmay_misc_feat_tiny
D:2:      layout_rooms, basic_ecumenical_altar, minmay_3d_cube
D:3:      wad_crossroads, layout_basic, ebering_ghost_disaster_area,
          uniq_sigmund
D:4:      layout_gridville, saegor_snake_ambush

Skill      XL: |  1  2  3  4  5  6 |
---------------+-------------------+-----
Shields        | 4 5 |  5.7
Armour         | 4 5 |  5.2
Fighting       | 4 5 |  5.2
Staves         | |  2.6

Action                   |  1- 3 |  4- 6 |  7- 9 || total
-------------------------+-------+-------+-------++-------
Melee: Quarterstaff      |   102 |     6 |       ||   108
       Rapier            |       |    29 |     1 ||    30
       Dagger            |       |    79 |       ||    79
  Use: Potion            |       |     2 |       ||     2
Armor: Scale mail        |    41 |    27 |       ||    68
       Plate armour      |       |    17 |       ||    17
Dodge: Dodged            |    46 |    37 |       ||    83
Block: Buckler           |    11 |    30 |       ||    41

Table legend: (Time is in decaauts)
 A = Elapsed time spent in this place.
 B = Non-inter-level travel time spent in this place.
 C = Inter-level travel time spent in this place.
 D = Time resting spent in this place.
 E = Time spent auto-exploring this place.
 F = Levels seen in this place.
 G = Mean time per level.
                   A        B        C        D        E       F      G
               +--------+--------+--------+--------+--------+-----+--------+
         Total |   2710 |   2642 |     68 |      0 |   2104 |   4 |  677.5 |
       Dungeon |   2710 |   2642 |     68 |      0 |   2104 |   4 |  677.5 |
               +--------+--------+--------+--------+--------+-----+--------+

Top non-repeatable levels by time:
     D:3: 1154 daAuts
     D:1: 907 daAuts
     D:2: 639 daAuts
     D:4: 9 daAuts
